 Dungeon Sprint DCSS version 0.17-a0-1691-g18a3847 (webtiles) character file.

2981 cmyster the Imperceptible (level 9, -9/46 HPs)
             Began as a Spriggan Assassin on Aug 20, 2015.
             Was a Believer of Dithmenos.
             Killed by an exploding giant spore (27 damage)
             ... in the Dungeon (Sprint I: "Red Sonja").
             The game lasted 00:03:39 (623 turns).

cmyster the Imperceptible (Spriggan Assassin)        Turns: 623, Time: 00:03:39

Health: -9/46      AC:  4    Str:  7    XL:     9   Next: 53%
Magic:  9/9        EV: 19    Int: 13    God:    Dithmenos [**....]
Gold:   540        SH:  0    Dex: 18    Spells: 0 memorised, 8 levels left

rFire  . . .     SeeInvis +     a - +2 dagger
rCold  . . .     Rnd*Rage +     c - +0 robe
rNeg   . . .     SustAt   .     (shield restricted)
rPois  .         Gourm    .     (helmet restricted)
rElec  .         Spirit   .     d - +1 cloak
rCorr  .         Warding  .     (gloves unavailable)
rMut   .         NoTele   +     (boots unavailable)
MR     +....                    (no amulet)
Stlth  +++++.....               (no ring)
                                (no ring)

@: confused, wreathed by umbra, very quick, somewhat resistant to hostile
enchantments, quite stealthy
A: unfitting armour, see invisible, berserk 1, clumsy 1, herbivore 3, speed 3,
low mp 1, slow metabolism 2, MP-powered wands
a: Shadow Step, Renounce Religion


You were in the Dungeon.
You worshipped Dithmenos.
Dithmenos was pleased with you.
You were not hungry.

You visited 1 branch You collected 540 gold pieces.

Inventory:

Hand weapons
 a - a +2 dagger (weapon)
 b - a +0 blowgun
Missiles
 e - 8 poisoned needles
 f - 12 curare-tipped needles
Armour
 c - a +0 robe (worn)
 d - a +1 cloak (worn)
Scrolls
 m - a scroll of blinking
Potions
 h - a potion of curing
 i - a potion of heal wounds
 j - a potion of haste
 k - 2 potions of magic
 l - a potion of berserk rage
Comestibles
 g - a bread ration


   Skills:
 + Level 4.4 Fighting
 + Level 6.6 Short Blades
 + Level 4.9 Throwing
 + Level 4.0 Dodging
 * Level 26.7 Stealth


You had 8 spell levels left.
You didn't know any spells.

Dungeon Overview and Level Annotations

Branches:
Dungeon (1/1)

Altars:
Cheibriados
Dithmenos
Elyvilon
Fedhas
Gozag
Kikubaaqudgha
Makhleb
Nemelex Xobeh
Okawaru
Qazlal
Ru
Sif Muna
Trog
Vehumet
Xom
Yredelemnul
Zin
The Shining One
Jiyva

Shops:
D %*[


Innate Abilities, Weirdness & Mutations

You are tiny and cannot use many weapons and most armour.
You have supernaturally acute eyesight.
You are a herbivore.
You cover ground extremely quickly.
You need consume almost no food.
You tend to lose your temper in combat.
You are clumsy. (Dex -2)
Your magical capacity is low (-10% MP).
You expend magic power (3 MP) to strengthen your wands.


Message History

You close the door.
You start waiting.
Done waiting.
You open the door.
There is an open door here.
Things that are here:
a short sword of venom; a blowgun; the kobold corpse of Sonja You open the door.
Found four items.
The giant spore waves its rhizomes.
The giant spore explodes!
A fungus suddenly grows.
The explosion of spores engulfs you!
You are confused.
Ouch! That really hurt!
The explosion of spores engulfs the giant spore.
The giant spore explodes!
The explosion of spores engulfs you!
You are more confused.
Ouch! That really hurt!
You die...

#..#_..__##'#..+≈≈≈§§+
#⌠⌠#_.∩..÷'..._#≈≈§§§#
####_..._##_.#+##+####
#_____###'# #..[.###
############.####'###.##
#∩...G.G..+...'..†..'(∩#
###''''####.).##########
#....... ##.## #.......G
#@# #.G#.....#$!$!$#
#.......G#$P?!$#
#..G..#..####### #G....
.G#


There were no monsters in sight!

Vanquished Creatures
  2 centaur warriors (D)
  Sonja (D)
  A deep troll (D)
  A slime creature (D)
  Sigmund (D)
  A yak (D)
  An ogre (D)
  A jelly (D)
  Ijyb (D)
10 creatures vanquished.

Vanquished Creatures (others)
  A gargoyle (D)
1 creature vanquished.

Grand Total: 11 creatures vanquished

Notes
Turn   | Place    | Note
--------------------------------------------------------------
     0 | D        | cmyster the Spriggan Assassin began the quest for the Orb.
     0 | D        | Reached XP level 1. HP: 10/10 MP: 2/2
     2 | D        | Noticed Ijyb
     9 | D        | Killed Ijyb
     9 | D        | Reached skill level 10 in Stealth
     9 | D        | Reached XP level 2. HP: 4/15 MP: 3/3
   230 | D        | Noticed an ogre
   234 | D        | Killed an ogre
   234 | D        | Reached skill level 13 in Stealth
   234 | D        | Reached XP level 3. HP: 17/19 MP: 4/4
   234 | D        | Reached XP level 4. HP: 20/23 MP: 5/5
   278 | D        | Noticed Sigmund
   281 | D        | Killed Sigmund
   281 | D        | Reached skill level 17 in Stealth
   281 | D        | Reached XP level 5. HP: 28/28 MP: 6/6
   281 | D        | Reached XP level 6. HP: 32/32 MP: 7/7
   316 | D        | Found a snail-covered altar of Cheibriados.
   316 | D        | Found a viscous altar of Jiyva.
   316 | D        | Found a shadowy altar of Dithmenos.
   316 | D        | Found a blossoming altar of Fedhas.
   316 | D        | Noticed a slime creature
   319 | D        | Killed a slime creature
   319 | D        | Reached skill level 19 in Stealth
   322 | D        | Became a worshipper of Dithmenos the Shadowed
   327 | D        | Found a deep blue altar of Sif Muna.
   328 | D        | Noticed a jelly
   329 | D        | Found a radiant altar of Vehumet.
   335 | D        | Killed a jelly
   365 | D        | Found Mewkos's General Store.
   365 | D        | Found a white marble altar of Elyvilon.
   365 | D        | Found a stormy altar of Qazlal.
   365 | D        | Found a burning altar of Makhleb.
   365 | D        | Found a sacrificial altar of Ru.
   365 | D        | Found a basalt altar of Yredelemnul.
   365 | D        | Found a glowing golden altar of the Shining One.
   365 | D        | Found a sparkling altar of Nemelex Xobeh.
   365 | D        | Found a shimmering altar of Xom.
   365 | D        | Found an opulent altar of Gozag.
   365 | D        | Found an ancient bone altar of Kikubaaqudgha.
   365 | D        | Found a glowing silver altar of Zin.
   365 | D        | Noticed a yak
   366 | D        | Found an iron altar of Okawaru.
   367 | D        | Killed a yak
   367 | D        | Reached skill level 20 in Stealth
   367 | D        | Reached XP level 7. HP: 36/36 MP: 8/8
   368 | D        | Found a bloodstained altar of Trog.
   381 | D        | Noticed Sonja
   385 | D        | Killed Sonja
   385 | D        | Reached skill level 5 in Short Blades
   385 | D        | Reached skill level 22 in Stealth
   385 | D        | Reached XP level 8. HP: 41/41 MP: 9/9
   403 | D        | Found Otsujaec's Food Boutique.
   423 | D        | Noticed a deep troll
   427 | D        | Killed a deep troll
   427 | D        | Reached skill level 24 in Stealth
   437 | D        | Found Joab's Armour Emporium.
   462 | D        | Noticed a centaur warrior
   463 | D        | Noticed a centaur warrior
   467 | D        | Killed a centaur warrior
   467 | D        | Reached skill level 25 in Stealth
   467 | D        | Reached XP level 9. HP: 45/45 MP: 10/10
   470 | D        | Killed a centaur warrior
   470 | D        | Acquired Dithmenos's first power
   470 | D        | Reached skill level 26 in Stealth
   498 | D        | Noticed a shining eye
   498 | D        | Noticed a shining eye
   498 | D        | Noticed a shining eye
   498 | D        | Noticed a shining eye
   498 | D        | Noticed a shining eye
   498 | D        | Noticed a shining eye
   498 | D        | Gained mutation: You tend to lose your temper in combat. [a shining eye]
   499 | D        | Gained mutation: Your magical capacity is low (-10% MP). [a shining eye]
   499 | D        | Paralysed by a giant eyeball for 2 turns
   501 | D        | Gained mutation: You expend magic power (3 MP) to strengthen your wands. [a shining eye]
   502 | D        | Gained mutation: You are clumsy. (Dex -2) [a shining eye]
   572 | D        | Killed a gargoyle
   623 | D        | Killed by an exploding giant spore

Vault maps used:
D:        dungeon_sprint_1

Action                   |  1- 3 |  4- 6 |  7- 9 || total
-------------------------+-------+-------+-------++-------
Melee: Dagger            |     6 |     4 |     4 ||    14
  Use: Scroll            |       |     1 |     3 ||     4
 Stab: Sleeping          |     2 |     4 |     4 ||    10
